 Dungeon Crawl Stone Soup version 0.24.0-13-gcf9b3192b9 (console) character file.

Game seed: 14940181998281289712, levelgen mode: deterministic

99 AlterAsc the Changer (level 4, -1/28 HPs)
             Began as an Octopode Transmuter on Nov 9, 2019.
             Hit by a goblin thrown by Robin (2 damage)
             ... on level 4 of the Dungeon.
             The game lasted 00:05:28 (1922 turns).

AlterAsc the Changer (Octopode Transmuter)          Turns: 1922, Time: 00:05:28

Health: -1/28      AC:  1    Str: 10    XL:     4   Next: 72%
Magic:  3/8        EV: 13    Int: 15    God:
Gold:   127        SH:  0    Dex: 12    Spells: 2/8 levels left

rFire    . . .     SeeInvis .     - Unarmed
rCold    . . .     Gourm    .   (no shield)
rNeg     . . .     Faith    .   (helmet restricted)
rPois    .         Spirit   .   i - amulet of rage
rElec    .         Reflect  .   (no ring)
rCorr    .         Harm     .   (no ring)
MR       .....                  (no ring)
Stlth    ++........             (no ring)
HPRegen  0.09/turn              (no ring)
MPRegen  0.11/turn              (no ring)
                                (no ring)
                                (no ring)

@: no status effects
A: almost no armour, stealthy swim, amphibious, 8 rings, constrict 8, camouflage
1, gelatinous body 1
a: Evoke Berserk Rage


You were on level 4 of the Dungeon.
You were not hungry.

You visited 1 branch of the dungeon, and saw 3 of its levels.

You collected 127 gold pieces.

Inventory:

Missiles
 a - 10 arrows
Jewellery
 i - an amulet of rage (around mantle)
Scrolls
 d - a scroll of teleportation {unknown}
 j - a scroll of random uselessness {unknown}
 l - a scroll of magic mapping {unknown}
Potions
 e - 2 potions of flight {unknown}
 f - a potion of agility {unknown}
 h - a potion of lignification {unknown}
 k - a potion of might {unknown}
 m - a potion of haste {unknown}
Comestibles
 c - 3 rations


   Skills:
 - Level 1.0 Fighting
 - Level 2.0 Dodging
 - Level 3.0 Unarmed Combat
 + Level 2.9 Spellcasting
 * Level 4.0 Transmutations


You had 2 spell levels left.
You knew the following spells:

 Your Spells              Type           Power        Failure   Level  Hunger
a - Beastly Appendage     Tmut           ##....       3%          1    #......
b - Sticks to Snakes      Tmut           ##......     6%          2    ##.....
c - Spider Form           Tmut/Pois      #.........   26%         3    ###....

Your spell library contained the following spells:

 Spells                   Type           Power        Failure   Level  Hunger
 Ice Form                 Ice/Tmut       #.......     65%         4    #####..
 Blade Hands              Tmut           ##........   71%         5    ######.


Dungeon Overview and Level Annotations

Branches:
Dungeon (2/15)

Altars:
Elyvilon
Xom

Annotations:
D:4 Robin


Innate Abilities, Weirdness & Mutations

You cannot wear most types of armour.
You are very stealthy in the water. (Stealth+)
You are amphibious.
You can wear up to eight rings at the same time.
You can use your tentacles to constrict eight enemies at once.
Your skin changes colour to match your surroundings (Stealth+).
Your rubbery body absorbs attacks. (AC +1, EV +1)


Message History

Your ball python barely misses the goblin.
Your ball python grabs the goblin.
Your ball python constricts the goblin.
The goblin hits your ball python with a +0 club.
Your ball python dies!
The goblin unwields a +0 hunting sling.
The goblin wields a +0 club.
The goblin closely misses you. Robin throws the goblin at you!
There is an open door here.
You tentacle-slap the goblin. Your grab misses the goblin.
The goblin is severely wounded.
The goblin closely misses you.
You tentacle-slap the goblin.
You kill the goblin!
The goblin closely misses you. The goblin hits you but does no damage.
The goblin unwields a +0 club.
The goblin wields a +0 hunting sling.
The goblin shoots a stone.
The stone barely misses you.
Things that are here:
a +0 club; a goblin corpse The goblin no longer looks unusually strong.
Robin throws the goblin at you!
You die...

#......
...... .....
#(..# #...#
... #...#
..... +..g#
.... #.@.+
#.. #)###
#####..##g##
.......§§g§#
...g..§gg§§#
.g...§§.§§#
.g.g.§g§§§#
.g##...§§##
##.)†§§##


You could see Robin and 2 goblins.

Vanquished Creatures
  An adder (D:2)
  An ooze (D:2)
  A worm (D:2)
  3 dart slugs (D:1)
  6 leopard geckos
  5 bats
  A giant cockroach (D:2)
  9 goblins
  11 hobgoblins
  2 jackals (D:1)
  6 kobolds (D:1)
  A quokka (D:2)
  2 ball pythons
  6 frilled lizards (D:1)
  A rat (D:1)
56 creatures vanquished.

Vanquished Creatures (collateral kills)
  Natasha (D:4)
1 creature vanquished.

Vanquished Creatures (others)
  A goblin (D:4)
1 creature vanquished.

Grand Total: 58 creatures vanquished

Notes
Turn   | Place    | Note
-------+----------+-------------------------------------------
     0 | D:1      | AlterAsc the Octopode Transmuter began the quest for the
                  | Orb.
     0 | D:1      | Reached XP level 1. HP: 13/13 MP: 3/3
   104 | D:1      | Reached XP level 2. HP: 18/18 MP: 3/5
   108 | D:1      | Learned a level 2 spell: Sticks to Snakes
   384 | D:1      | Reached XP level 3. HP: 16/23 MP: 6/6
   411 | D:1      | Reached skill level 3 in Transmutations
  1110 | D:2      | Learned a level 3 spell: Spider Form
  1200 | D:2      | Found a shimmering altar of Xom.
  1365 | D:2      | Reached XP level 4. HP: 27/28 MP: 5/8
  1607 | D:2      | Found a white marble altar of Elyvilon.
  1865 | D:2      | Found a shimmering altar of Xom.
  1877 | D:2      | Found a shimmering altar of Xom.
  1877 | D:2      | You fall into a shaft and drop 2 floors!
  1884 | D:4      | Noticed Natasha
  1896 | D:4      | Killed Natasha
  1907 | D:4      | Reached skill level 4 in Transmutations
  1908 | D:4      | Noticed Robin
  1917 | D:4      | HP: 1/28 [goblin/stone[Robin] (3)]
  1922 | D:4      | Hit by a goblin thrown by Robin

Levels and vault maps discovered:
D:1:      ncdulo_wetmaze, layout_loops_ring, minivault_11,
          hangedman_decor_diamond_cutter, minmay_lizard_pond
D:2:      layout_basic, elyvilon_altar_5, xom_redecorated
D:4:      layout_gridville, first_ration, serial_shops, shop, shop,
          nicolae_shop_waterfront, shop_fountains, shop_statue,
          minmay_misc_feat_tower, nicolae_underground_beach, uniq_natasha,
          uniq_sigmund, uniq_robin

Skill      XL: |  1  2  3  4 |
---------------+-------------+-----
Transmutations | 3 4 |  4.0
Fighting       | |  1.0
Dodging        | |  2.0
Unarmed Combat | |  3.0
Spellcasting   | |  2.9

Action                   |  1- 3 |  4- 6 || total
-------------------------+-------+-------++-------
Melee: Unarmed           |    91 |    31 ||   122
       Constrict         |    24 |     7 ||    31
       Kick              |    20 |     7 ||    27
       Tentacles         |     4 |     5 ||     9
       Punch             |     2 |       ||     2
 Cast: Beastly Appendage |    23 |     9 ||    32
       Sticks to Snakes  |       |     3 ||     3
  Use: Scroll            |       |     2 ||     2
 Stab: Sleeping          |     7 |     1 ||     8
  Eat: Chunk             |     2 |     1 ||     3
       Ration            |       |     1 ||     1
Armor: Skin              |    12 |     2 ||    14
Dodge: Dodged            |    61 |    18 ||    79
